 Dungeon Crawl Stone Soup version 0.30-b1-2-g02819fbbbe (webtiles) character file.

Game seed: 14514991795890267751

283 Kaiji the Sneak (level 6, -4/36 HPs)
             Began as an Octopode Fire Elementalist on Oct 7, 2023.
             Was a Believer of Elyvilon.
             Slain by Natasha the river rat (7 damage)
             ... on level 2 of the Dungeon.
             The game lasted 00:11:57 (2452 turns).

Kaiji the Sneak (Octopode Fire Elementalist)        Turns: 2452, Time: 00:11:58

Health: -4/36      AC:  1    Str:  7    XL:     6   Next: 28%
Magic:  10/10      EV: 13    Int: 20    God:    Elyvilon [**....]
Gold:   171        SH:  0    Dex: 12    Spells: 8/11 levels left

rFire   . . .        h - +2 war axe
rCold   . . .        (no shield)
rNeg    . . .        (helmet restricted)
rPois   .            (no amulet)
rElec   .            r - ring of resist corrosion
rCorr   +            (no ring)
SInv    .            (no ring)
Will    .....        (no ring)
Stlth   ++++         (no ring)
HPRegen 0.26/turn    (no ring)
MPRegen 0.12/turn    (no ring)
                     (no ring)

%: no passive effects
@: attractive, hasted and slowed
A: almost no armour, amphibious, 8 rings, camouflage 1, gelatinous body 1,
(nimble swimmer 1), tentacles
a: Renounce Religion, Purification, Heal Other


You were on level 2 of the Dungeon.
You worshipped Elyvilon.
Elyvilon was pleased with you.
You visited 1 branch of the dungeon, and saw 3 of its levels.

You collected 215 gold pieces.
You spent 44 gold pieces at shops.

Inventory:

Hand Weapons
 g - a +0 short sword
 h - a +2 war axe (weapon)
 j - a +0 short sword
Missiles
 i - 6 silver boomerangs
Jewellery
 r - a ring of resist corrosion (left tentacle)
Wands
 q - a wand of polymorph (6) (quivered)
Scrolls
 b - a scroll of blinking {unknown}
 e - a scroll of fear {unknown}
 f - a scroll of noise {unknown}
 k - a scroll of teleportation
 l - a scroll of poison
 m - 2 scrolls of identify {unknown}
 o - a scroll of vulnerability {unknown}
 s - a scroll of immolation {unknown}
Potions
 a - a potion of magic


   Skills:
 + Level 3.2 Dodging
 - Level 4.7 Stealth
 * Level 3.1 Spellcasting
 + Level 2.7 Conjurations
 + Level 4.0 Fire Magic


You had 8 spell levels left.
You knew the following spells:

 Your Spells              Type           Power      Damage    Failure   Level
a - Foxfire               Conj/Fire      64%        2x1d7     3%          1
b - Scorch                Fire           38%        2d6       4%          2

Your spell library contained the following spells:

 Spells                   Type           Power      Damage    Failure   Level
 Inner Flame              Hex/Fire       11%        N/A       19%         3
 Volatile Blastmotes      Fire/Tloc      22%        2d11      19%         3
 Flame Wave               Conj/Fire      16%        2d7       34%         4


Dungeon Overview and Level Annotations

Branches:
Dungeon (3/15)

Altars:
Ashenzari
Elyvilon

Shops:
D:1 ?![*

Annotations:
D:2 Natasha


Innate Abilities, Weirdness & Mutations

You cannot wear most types of armour.
You are amphibious.
You can wear up to eight rings at the same time.
Your skin changes colour to match your surroundings (Stealth+).
Your rubbery body absorbs attacks. (AC +1, EV +1)
((You are camouflaged when in or above water. (Stealth+)))
You have tentacles for arms and can constrict up to eight enemies at once.


Message History

It was a potion of lignification.
You feel woody for a moment.
You feel less porcine.
Your +2 war axe unmelds from your body.
Your ring of resist corrosion unmelds from your body.
Natasha zaps a wand.
You resist with some effort.
Natasha stares at you and mumbles some strange words.
The magic dart hits you! Elyvilon protects you from harm!
It was a potion of haste.
You feel yourself speed up. Natasha barely misses you.
It was a potion of mutation.
You feel extremely strange.
Your connection to magic feels subdued.
Your magic regains its normal vibrancy.
Natasha stares at you and mumbles some strange words.
You feel as though you will be slow longer.
Aiming: Polymorph
Press: ? - help, Q - select action, (/) - cycle Shift-Dir - straight line, f - Natasha
Aim: Natasha, carrying a wand of polymorph (5) (moderately wounded, will become a giant cockroach, a river rat, or an iguana, chance to affect: 49%) Natasha evaporates and reforms as a river rat!
Natasha closely misses you.
You hit Natasha but do no damage. Your grab misses Natasha.
You squeeze Natasha, but do no damage. Natasha completely misses you.
You closely miss Natasha. Your grab misses Natasha. Natasha closely misses you.
Natasha completely misses you.
You barely miss Natasha. Your grab misses Natasha.
Your tentacle-slap misses Natasha.
Natasha closely misses you.
You closely miss Natasha. You grab Natasha.
You constrict Natasha, but do no damage.
Natasha twitches its whiskers.
Natasha misses you. Natasha bites you!
* * * LOW HITPOINT WARNING * * *
You hit Natasha. You squeeze Natasha.
Natasha is severely wounded.
You constrict Natasha, but do no damage.
Natasha misses you.
You hit Natasha.
Natasha is almost dead.
You constrict Natasha, but do no damage.
Natasha twitches its whiskers.
Natasha completely misses you. Natasha bites you!
You die...

..# #....# ##. #.# #
#.###.# .#.#
#.###.##.. #.# ...#
#......... #.# ...#
#.)....... #.#
.#.#####.###.#### #.#
.#.......# #.# #5#
.####.#### #.# #(#
(.......####.#######.#
................@r...#
###..........#########
#.....###### #.....#
#######


You could see Natasha the river rat.

Vanquished Creatures
  Sigmund (D:2)
  Jessica (D:2)
  Natasha (twice) (D:2)
  An adder (D:2)
  A worm (D:2)
  4 endoplasms
  A giant cockroach (D:2)
  5 goblins
  A hobgoblin (D:1)
  6 jackals
  2 kobolds (D:2)
  2 quokkas (D:1)
  7 ball pythons
  8 bats
  A frilled lizard (D:2)
  2 rats
45 creatures vanquished.

Vanquished Creatures (others)
  91 foxfires
91 creatures vanquished.

Grand Total: 136 creatures vanquished

Notes
Turn   | Place    | Note
-------+----------+-------------------------------------------
     0 | D:1      | Kaiji the Octopode Fire Elementalist began the quest for
                  | the Orb.
     0 | D:1      | Reached XP level 1. HP: 11/11 MP: 3/3
    55 | D:1      | Found Petixod's Antique Armour Boutique.
    99 | D:1      | Found Ophaphid's Magic Scroll Shop.
   148 | D:1      | Found Yrerecs's Distillery.
   172 | D:1      | Found a faded altar of an unknown god.
   180 | D:1      | Prayed at the altar of an unknown god.
   180 | D:1      | Became a worshipper of Elyvilon the Healer
   180 | D:1      | Reached * piety under Elyvilon
   469 | D:1      | Reached XP level 2. HP: 17/17 MP: 3/5
   472 | D:1      | Learned a level 2 spell: Scorch
   490 | D:1      | Found Xuocuzokk's Assorted Antiques.
   529 | D:1      | Bought a scroll labelled MEPIPH DERAAMY for 22 gold pieces
   529 | D:1      | Bought a scroll labelled LOPLIP EFAI for 22 gold pieces
   622 | D:1      | Reached ** piety under Elyvilon
  1196 | D:2      | Found a broken altar of Ashenzari.
  1381 | D:2      | Noticed Sigmund
  1387 | D:2      | Reached XP level 3. HP: 21/21 MP: 1/6
  1471 | D:2      | Noticed Natasha
  1530 | D:2      | Killed Natasha
  1543 | D:2      | Noticed Natasha
  1574 | D:2      | Killed Natasha
  1575 | D:2      | Reached XP level 4. HP: 23/27 MP: 1/7
  1961 | D:2      | Noticed Jessica
  2014 | D:2      | Killed Jessica
  2015 | D:2      | Reached XP level 5. HP: 18/31 MP: 4/9
  2154 | D:2      | Killed Sigmund
  2155 | D:2      | Reached XP level 6. HP: 36/36 MP: 2/10
  2417 | D:2      | Noticed Natasha
  2443 | D:2      | Elyvilon protects you from harm!
  2445 | D:2      | Gained mutation: Your spells are a little easier to cast,
                  | but a little less powerful. [potion of mutation]
  2445 | D:2      | Lost mutation: Your spells are a little easier to cast, but
                  | a little less powerful. [potion of mutation]
  2446 | D:2      | Natasha changed into Natasha the river rat
  2446 | D:2      | Noticed Natasha
  2452 | D:2      | Slain by Natasha the river rat

Illustrated notes

Levels and vault maps discovered:
D:1:      amcnicky_arrival_flooded_fountain, layout_loops_corners, serial_shops,
          nicolae_shop_just_a_little_nook, nicolae_shop_tiny_glass, shop,
          nicolae_shop_tiny_glass, chequers_ecumenical_altar_simple_redux
D:2:      layout_loops_ring, basic_altar, uniq_natasha, uniq_jessica,
          uniq_sigmund
D:3:      layout_loops_corners

Skill      XL: |  1  2  3  4  5 |
---------------+----------------+-----
Stealth        | 3 4 |  4.7
Conjurations   | 2 |  2.7
Dodging        | 3 |  3.2
Spellcasting   | 3 |  3.1
Fire Magic     | 4 |  4.0

Action                     |  1- 3 |  4- 6 || total
---------------------------+-------+-------++-------
  Melee: War axe           |    15 |    12 ||    27
         Constrict         |     2 |     1 ||     3
         Tentacles         |     1 |     2 ||     3
         Unarmed           |       |     5 ||     5
   Cast: Foxfire           |    38 |    23 ||    61
         Scorch            |     7 |    10 ||    17
  Evoke: Wand              |       |     1 ||     1
    Use: Scroll            |     2 |     2 ||     4
         Potion            |     1 |     4 ||     5
 Armour: Skin              |    29 |     3 ||    32
  Dodge: Dodged            |    29 |    37 ||    66
